 Dungeon Crawl Stone Soup version 0.27-a0-1456-gf5a116941d (webtiles) character file.

Game seed: 11561728051031963203

38684 Laraso the Impaler (level 13, 0/98 HPs)
             Began as a Demonspawn Berserker on July 5, 2021.
             Was a High Priest of Trog.
             Slain by an elephant (7 damage)
             ... on level 6 of the Lair of Beasts.
             The game lasted 00:19:35 (17755 turns).

Laraso the Impaler (Demonspawn Berserker)          Turns: 17755, Time: 00:19:36

Health: 0/98       AC: 20    Str: 27    XL:     13   Next: 65%
Magic:  13/13      EV: 11    Int:  8    God:    Trog [*****.]
Gold:   987        SH:  4    Dex: 19    Spells: 12/12 levels left

rFire    . . .     SeeInvis +   a - +7 halberd of Cippowk {vorpal, rPois Str+4}
rCold    . . .     Faith    +   (shield currently unavailable)
rNeg     . . .     Spirit   .   F - +0 plate armour
rPois    +         Reflect  .   (helmet unavailable)
rElec    .         Harm     .   r - scarf {+Inv}
rCorr    .         Rampage  .   e - +1 pair of gloves
Will     ++...                  v - +1 pair of boots
Stlth    ..........             g - amulet of faith
HPRegen  1.26/turn              k - +4 ring of slaying
MPRegen  0.13/turn              G - +6 ring of dexterity

@: strong-willed, regenerating
A: antennae 3, foul stench 2, sharp scales 3, condensation shield
a: Renounce Religion, Evoke Invisibility, Berserk, Trog's Hand, Brothers in Arms


You were on level 6 of the Lair of Beasts.
You worshipped Trog.
Trog was extremely pleased with you.
You visited 2 branches of the dungeon, and saw 16 of its levels.

You collected 987 gold pieces.

Inventory:

Hand Weapons
 a - the +7 halberd of Cippowk (weapon) {vorpal, rPois Str+4}
   (You acquired it on level 3 of the Dungeon)

   It inflicts extra damage upon your enemies.
   Str:       It affects your strength (+4).
   rPois:     It protects you from poison.
 b - a +1 halberd of flaming
Missiles
 n - 2 throwing nets (quivered)
 y - 3 curare-tipped darts
 L - 3 atropa-tipped darts
Armour
 e - a +1 pair of gloves (worn)
 r - a scarf of invisibility (worn)
 v - a +1 pair of boots (worn)
 B - a scarf of repulsion
 F - a +0 plate armour (worn)
 K - a scarf of shadows
Jewellery
 g - an amulet of faith (around neck)
 k - a +4 ring of slaying (left hand)
 G - a +6 ring of dexterity (right hand)
 I - an amulet of regeneration
Wands
 c - a wand of paralysis (15)
 q - a wand of flame (6)
 s - a wand of acid (9)
 x - a wand of charming (5)
 C - a wand of iceblast (13)
 J - a wand of polymorph (11)
Scrolls
 d - 5 scrolls of immolation
 j - 3 scrolls of enchant armour
 o - 3 scrolls of magic mapping
 u - a scroll of brand weapon
 E - a scroll of teleportation
 H - a scroll of blinking
 M - 2 scrolls of identify
Potions
 f - 4 potions of ambrosia
 h - a potion of magic
 i - a potion of heal wounds
 l - a potion of resistance
 m - 3 potions of attraction
 p - 3 potions of might
 t - a potion of berserk rage
 w - 4 potions of curing
 z - a potion of flight
 A - 2 potions of haste


   Skills:
 * Level 8.1 Fighting
 - Level 16.0 Polearms
 * Level 7.1 Armour
 * Level 7.1 Dodging
 - Level 9.0 Evocations


You had 12 spell levels left.
You didn't know any spells.
Your spell library was empty.

Dungeon Overview and Level Annotations

Branches:
Dungeon (10/15)            Temple (0/1) D:6            Lair (6/6) D:9
  Swamp (0/4) Lair:3       Spider (0/4) Lair:2          Orc (0/2) D:9
  Slime: Lair:5-6

Altars:
Elyvilon
Gozag
Ru
Trog
Vehumet
The Shining One

Annotations:
Lair:3 exclusion: 4 oklob plants


Innate Abilities, Weirdness & Mutations

You have a pair of large antennae on your head. (SInv)
You sometimes emit foul miasma when damaged in melee.
You are completely covered in razor-sharp scales. (AC +3, Slay +3)
A meltable shield of frost defends you. (SH +4)


Message History

Unknown command.
Your skin crawls.
You feel strong-willed. The wind drake flaps its wings at you.
The air twists around and strikes you.
Unknown command.
The elephant tramples you but does no damage.
You block the elephant's attack.
You are too injured to fight recklessly!
You are too injured to fight recklessly!
You are too injured to fight recklessly!
You slice the elephant!!
The elephant is heavily wounded.
The wind drake exhales a fierce blast of wind!
The wind drake barely misses you. The wind drake flaps its wings at you.
The air twists around and strikes you!
* * * LOW HITPOINT WARNING * * *
You impale the elephant!!
The elephant is almost dead.
The elephant tramples you but does no damage.
You block the elephant's attack.
You hit the elephant.
The elephant is almost dead.
The elephant tramples you.
* * * LOW HITPOINT WARNING * * *
You hold your ground!
You emit a cloud of foul miasma!
The elephant barely misses you.
The elephant is engulfed in dark miasma.
The elephant is poisoned.
The elephant seems to slow down.
The wind drake flaps its wings at you. The air twists around and strikes you!
* * * LOW HITPOINT WARNING * * *
The elephant barely misses you.
The elephant trunk-slaps you but does no damage.
The wind drake flaps its wings at you. The air twists around and strikes you!
* * * LOW HITPOINT WARNING * * *
The elephant tramples you!
You die...

.......†..###
..........###
.#.........P##
#............###
...P........#..#
...####..#..##.#
..##
#....k#######
#.##
####...#.Y#.##
..P# #...○.P@#.#
#### #.#.k.Y..##
# ####...P.P##
.# ##......## ##
##....P...#
#.......###
#.......#
#......?#
#....†..#


You could see 2 elephants and a wind drake (repels missiles).

Vanquished Creatures
  A catoblepas (Lair:2)
  4 hydras
  A two-headed ogre (D:9)
  2 sea snakes (Lair:6)
  2 bog bodies (Lair:3)
  An orb spider (Lair:2)
  13 elephants
  5 black mambas
  Maggie (D:8)
  6 komodo dragons
  6 rime drakes
  8 cane toads
  3 trolls (D:9)
  A queen bee (Lair:3)
  2 polar bears
  4 hornets
  5 blink frogs (Lair:5)
  A wind drake (Lair:6)
  A shadow (D:9)
  8 wyverns
  35 yaks
  2 basilisks
  3 vampire mosquitoes (Lair:1)
  A steam dragon (Lair:3)
  3 swamp worms (Lair:3)
  13 water moccasins
  An acid dragon (D:9)
  An orc warrior (D:9)
  3 ice beasts (D:6)
  2 swamp drakes (Lair:1)
  3 black bears
  4 ogres
  4 centaurs
  16 wolves (Lair:3)
  A phantom (D:6)
  5 kobold brigands (D:9)
  Blork the orc (D:5)
  4 gnoll sergeants
  4 scorpions
  A water moccasin zombie (D:5)
  17 bullfrogs
  30 killer bees (Lair:3)
  15 wights
  4 electric eels
  A howler monkey (D:5)
  A bullfrog zombie (D:5)
  2 bullfrog skeletons (D:5)
  2 centaur zombies
  2 jellies
  2 hounds
  A centaur skeleton (D:7)
  A gnoll shaman (D:7)
  4 iguanas
  5 orc priests
  3 orc wizards
  A hell rat (Lair:3)
  A hound skeleton (D:5)
  Robin (D:3)
  18 gnolls
  8 adders
  A shadow imp (D:6)
  3 white imps (D:6)
  2 worms
  A dart slug (D:1)
  26 orcs
  6 endoplasms
  A giant cockroach (D:1)
  14 goblins
  9 hobgoblins
  3 jackals (D:2)
  4 kobolds
  3 quokkas
  6 ball pythons
  3 bats
  4 rats
387 creatures vanquished.

Vanquished Creatures (collateral kills)
  3 orc warriors (D:9)
  An ogre (D:9)
  2 gnoll sergeants (D:9)
  2 gnolls (D:9)
  An orc (D:9)
9 creatures vanquished.

Vanquished Creatures (others)
  2 killer bees (Lair:3)
  21 fungi
  47 plants
70 creatures vanquished.

Grand Total: 466 creatures vanquished

Notes
Turn   | Place    | Note
-------+----------+-------------------------------------------
     0 | D:1      | Laraso the Demonspawn Berserker began the quest for the
                  | Orb.
     0 | D:1      | Reached XP level 1. HP: 18/18 MP: 1/1
   145 | D:1      | Reached skill level 3 in Polearms
   307 | D:1      | Gained mutation: You are partially covered in razor-sharp
                  | scales. (AC +1, Slay +1) [demonic ancestry]
   307 | D:1      | Reached XP level 2. HP: 24/24 MP: 2/2
  1813 | D:2      | Gained mutation: You are mostly covered in razor-sharp
                  | scales. (AC +2, Slay +2) [demonic ancestry]
  1813 | D:2      | Reached XP level 3. HP: 29/29 MP: 3/3
  2090 | D:2      | Reached skill level 4 in Polearms
  2485 | D:3      | Reached ** piety under Trog
  2487 | D:3      | Reached XP level 4. HP: 35/35 MP: 4/4
  2850 | D:3      | Reached skill level 5 in Polearms
  3023 | D:3      | Noticed Robin
  3041 | D:3      | Killed Robin
  3088 | D:3      | Found a bloodstained altar of Trog.
  3282 | D:3      | Identified a scroll of acquirement
  3282 | D:3      | Acquired the +7 halberd of Cippowk {vorpal, rPois Str+4}
  3360 | D:4      | Gained mutation: A meltable shield of frost defends you.
                  | (SH +4) [demonic ancestry]
  3360 | D:4      | Reached XP level 5. HP: 41/41 MP: 5/5
  3442 | D:4      | Noticed an ogre
  3445 | D:4      | Killed an ogre
  3626 | D:4      | Found an opulent altar of Gozag.
  3632 | D:4      | Reached skill level 6 in Polearms
  3661 | D:4      | Noticed a black bear
  3665 | D:4      | Killed a black bear
  3666 | D:4      | Gained mutation: You have a pair of small antennae on your
                  | head. [demonic ancestry]
  3666 | D:4      | Reached XP level 6. HP: 47/47 MP: 6/6
  4037 | D:5      | Entered Level 5 of the Dungeon
  4070 | D:5      | Reached skill level 7 in Polearms
  4084 | D:5      | Reached skill level 1 in Evocations
  4154 | D:5      | Gained mutation: You may rarely emit foul miasma when
                  | damaged in melee. [demonic ancestry]
  4154 | D:5      | Reached XP level 7. HP: 52/52 MP: 7/7
  4159 | D:5      | Found a sacrificial altar of Ru.
  4202 | D:5      | Noticed Blork the orc
  4206 | D:5      | Killed Blork the orc
  4425 | D:5      | Found a radiant altar of Vehumet.
  4496 | D:5      | Identified the +4 spear of Hedeegg {speed, rPois rC- rN+
                  | Will+++}
  5128 | D:6      | Gained mutation: You have a pair of antennae on your head.
                  | [demonic ancestry]
  5128 | D:6      | Reached XP level 8. HP: 58/58 MP: 8/8
  5131 | D:6      | Reached skill level 8 in Polearms
  5160 | D:6      | Reached *** piety under Trog
  5223 | D:6      | Reached skill level 5 in Evocations
  5262 | D:6      | Found a staircase to the Ecumenical Temple.
  5498 | D:6      | Reached skill level 9 in Polearms
  5952 | D:7      | Reached XP level 9. HP: 62/63 MP: 9/9
  6060 | D:7      | Reached skill level 10 in Polearms
  6487 | D:7      | Reached **** piety under Trog
  7000 | D:8      | Noticed Maggie
  7023 | D:8      | Killed Maggie
  7024 | D:8      | Reached skill level 11 in Polearms
  7337 | D:8      | Reached XP level 10. HP: 60/70 MP: 10/10
  8093 | D:9      | Found a staircase to the Lair.
  8202 | D:9      | Noticed a two-headed ogre
  8215 | D:9      | Killed a two-headed ogre
  8216 | D:9      | Reached skill level 12 in Polearms
  8626 | D:9      | Found a staircase to the Orcish Mines.
  8697 | D:9      | Reached ***** piety under Trog
  9075 | D:10     | Entered Level 10 of the Dungeon
  9184 | Lair:1   | Entered Level 1 of the Lair of Beasts
  9200 | Lair:1   | Reached skill level 13 in Polearms
  9220 | Lair:1   | Gained mutation: You have a pair of large antennae on your
                  | head. (SInv) [demonic ancestry]
  9220 | Lair:1   | Reached XP level 11. HP: 51/73 MP: 11/11
 10706 | Lair:2   | Noticed a five-headed hydra
 10720 | Lair:1   | Killed a one-headed hydra
 10901 | Lair:2   | Noticed a four-headed hydra
 11055 | Lair:2   | Killed an eight-headed hydra
 11056 | Lair:2   | Reached skill level 14 in Polearms
 11057 | Lair:2   | Noticed a catoblepas
 11617 | Lair:2   | Killed a catoblepas
 11913 | Lair:2   | Found a hole to the Spider Nest.
 11913 | Lair:2   | Noticed an orb spider
 11922 | Lair:2   | Killed an orb spider
 11923 | Lair:2   | Reached skill level 15 in Polearms
 12198 | Lair:3   | Noticed a bog body
 12357 | Lair:3   | Killed a bog body
 12510 | Lair:3   | Gained mutation: You sometimes emit foul miasma when
                  | damaged in melee. [demonic ancestry]
 12510 | Lair:3   | Reached XP level 12. HP: 66/81 MP: 12/12
 12867 | Lair:3   | Received a gift from Trog
 13115 | Lair:3   | Reached skill level 16 in Polearms
 13514 | Lair:3   | Reached skill level 5 in Fighting
 14496 | Lair:3   | Found a staircase to the Swamp.
 14894 | Lair:4   | Noticed a six-headed hydra
 14899 | Lair:4   | Killed a three-headed hydra
 14900 | Lair:4   | Reached skill level 5 in Armour
 14900 | Lair:4   | Reached skill level 5 in Dodging
 15104 | Lair:4   | Gained mutation: You are completely covered in razor-sharp
                  | scales. (AC +3, Slay +3) [demonic ancestry]
 15104 | Lair:4   | Reached XP level 13. HP: 93/93 MP: 13/13
 16123 | Lair:5   | Received a gift from Trog
 16820 | Lair:6   | Entered Level 6 of the Lair of Beasts
 17755 | Lair:6   | Slain by an elephant

Illustrated notes

Levels and vault maps discovered:
D:1:      dpeg_cavernosity, layout_basic
D:2:      layout_basic
D:3:      cheibrodos_old_hovel, layout_loops_ring, elyvilon_altar_4,
          lemuel_tele_altar, minmay_misc_feat_more_columns, uniq_robin
D:4:      layout_cave_pools, old_standard_altar, minmay_pentangle
D:5:      layout_basic, hangedman_ru_absence, kennysheep_little_box,
          nicolae_tso_swordbearing_angel, uniq_blork_the_orc
D:6:      layout_basic, temple_statues
D:7:      layout_loops_ring
D:8:      layout_rooms, uniq_maggie
D:9:      layout_long_grid, dpeg_oklobed_lair,
          kennysheep_orc_monster_closet_entryway
D:10:     layout_irregular_city, minmay_misc_feat_tower, nicolae_benzene_ring,
          kennysheep_path_1, hangedman_abyss_or_decor_stabs, uniq_nergalle,
          uniq_joseph
Lair:1:   layout_layer_cave, gauntlet_entry_generic, pond
Lair:2:   layout_misc_corridors, nicolae_spider_entry_orb_guardian
Lair:3:   hangedman_what_comes_after_a, layout_small_grid,
          nicolae_swamp_entry_splash_gauntlet, grunt_megastairs_2
Lair:4:   layout_concentric_octagons, serial_bayou_shore_a
Lair:5:   layout_gridlike, infiniplex_staircase_pool
Lair:6:   gammafunk_lair_ancient_temple, layout_cave_pods, slime_altar_1

Skill      XL: |  1  2  3  4  5  6  7  8  9 10 11 12 13 |
---------------+----------------------------------------+-----
Polearms       | 3 4 5 6 7 9 11 13 15 16 | 16.0
Evocations     | 2 4 6 7 9 |  9.0
Armour         | 5 7 |  7.1
Dodging        | 5 7 |  7.1
Fighting       | 6 8 |  8.1

Action                   |  1- 3 |  4- 6 |  7- 9 | 10-12 | 13-15 || total
-------------------------+-------+-------+-------+-------+-------++-------
Melee: Spear             |   116 |    64 |       |       |       ||   180
       Halberd           |       |    33 |   188 |   499 |   192 ||   912
Invok: Berserk           |     2 |     1 |     3 |     4 |       ||    10
       Trog's Hand       |       |       |       |     1 |     1 ||     2
       Brothers in Arms  |       |       |       |     1 |       ||     1
 Abil: Evoke Invisibilit |       |       |       |     3 |     1 ||     4
Evoke: Wand              |       |       |       |    13 |     1 ||    14
  Use: Scroll            |       |     8 |     9 |     8 |     2 ||    27
       Potion            |       |     3 |     2 |     2 |       ||     7
 Stab: Sleeping          |     6 |       |       |       |       ||     6
       Invisible         |       |       |       |     8 |     6 ||    14
Armor: Animal skin       |    12 |       |       |       |       ||    12
       Leather armour    |     8 |       |       |       |       ||     8
       Chain mail        |     1 |    19 |    54 |    13 |       ||    87
       Plate armour      |       |       |       |   225 |    71 ||   296
       Skin              |       |       |       |    18 |       ||    18
Dodge: Dodged            |    38 |    19 |    36 |   108 |    56 ||   257
Block: Other             |       |     4 |    22 |    53 |    17 ||    96

Table legend: (Time is in decaauts)
 A = Elapsed time spent in this place.
 B = Non-inter-level travel time spent in this place.
 C = Inter-level travel time spent in this place.
 D = Time resting spent in this place.
 E = Time spent auto-exploring this place.
 F = Levels seen in this place.
 G = Mean time per level.
                   A        B        C        D        E       F      G
               +--------+--------+--------+--------+--------+-----+--------+
         Total |  17701 |  17149 |    552 |   4495 |  10233 |  16 | 1106.3 |
       Dungeon |   9233 |   8874 |    359 |   1581 |   6189 |  10 |  923.3 |
          Lair |   8467 |   8274 |    193 |   2913 |   4044 |   6 | 1411.2 |
               +--------+--------+--------+--------+--------+-----+--------+

Top non-repeatable levels by time:
  Lair:3: 2393 daAuts
  Lair:1: 2012 daAuts
     D:9: 1600 daAuts
     D:1: 1553 daAuts
  Lair:2: 1087 daAuts
  Lair:5: 1063 daAuts
     D:5: 1037 daAuts
  Lair:4: 1006 daAuts
     D:7: 957 daAuts
     D:3: 917 daAuts
  Lair:6: 906 daAuts
     D:2: 871 daAuts
     D:6: 780 daAuts
     D:8: 741 daAuts
     D:4: 691 daAuts
